 Dungeon Sprint DCSS version 0.29.1-12-g30fa7ad0bf (webtiles) character file.

Game seed: 14887665358920428651

47087 retardedninja the Skullcrusher (level 14, -2/159 HPs)
             Began as a Minotaur Fighter on Dec 19, 2022.
             Was a High Priest of Trog.
             Slain by a stone giant (13 damage)
             ... in the Dungeon (Sprint IX: "|||||||||||||||||||||||||||||").
             The game lasted 00:17:20 (7031 turns).

retardedninja the Skullcrusher (Minotaur Fighter)   Turns: 7031, Time: 00:17:21

Health: -2/159     AC: 25    Str: 35    XL:     14   Next: 7%
Magic:  13/13      EV:  9    Int:  5    God:    Trog [*****.]
Gold:   17         SH:  0    Dex:  8    Spells: 13/13 levels left

rFire   + . .      SeeInvis .   r - +6 dire flail of the Hills {vorpal, rF+ rN+ Dex-2}
rCold   + . .      Faith    .   (shield currently unavailable)
rNeg    + + .      Spirit   .   n - +0 plate armour
rPois   .          Reflect  .   (helmet restricted)
rElec   .          Harm     .   k - +0 cloak
rCorr   .          Rampage  .   m - +0 pair of gloves
Will    +++..      NoTele   +   g - +0 pair of boots
Stlth   ..........              a - macabre finger necklace {rN+}
HPRegen 1.36/turn               p - +3 ring of strength
MPRegen 0.13/turn               o - ring of protection from cold
                                b - +6 ring of strength

@: strong-willed, on berserk cooldown, regenerating, slowed, very slow
A: horns 2, retaliatory headbutt
a: Renounce Religion, Berserk, Trog's Hand, Brothers in Arms


You were in the Dungeon.
You worshipped Trog.
Trog was extremely pleased with you.
You visited 1 branch You collected 929 gold pieces.
You spent 912 gold pieces at shops.

Inventory:

Hand Weapons
 l - the +2 morningstar of Responsibility {vorpal, *Rage Fly rElec Int+6}
   (You found it in the Dungeon)

   It inflicts extra damage upon your enemies.
   Int:       It affects your intelligence (+6).
   rElec:     It insulates you from electricity.
   Fly:       It grants you flight.
   *Rage:     It berserks you when you make melee attacks (+20% chance).
 r - the +6 dire flail of the Hills (weapon) {vorpal, rF+ rN+ Dex-2}
   (Trog gifted it to you in the Dungeon)

   It inflicts extra damage upon your enemies.
   Dex:       It affects your dexterity (-2).
   rF:        It protects you from fire.
   rN:        It protects you from negative energy.
Missiles
 d - 5 throwing nets (quivered)
Armour
 g - a +0 pair of boots (worn)
 k - a +0 cloak (worn)
 m - a +0 pair of gloves (worn)
 n - a +0 plate armour (worn)
Jewellery
 a - the macabre finger necklace (around neck) {rN+}
   (You bought it in a shop in the Dungeon)

   [amulet of nothing]

   It enables you to equip an extra ring.
   rN:        It protects you from negative energy.
 b - a +6 ring of strength (on amulet)
 o - a ring of protection from cold (right hand)
 p - a +3 ring of strength (left hand)
Wands
 c - a wand of polymorph (2)
Scrolls
 i - a scroll of butterflies
 A - a scroll of identify
 B - 2 scrolls of enchant weapon
Potions
 h - 4 potions of magic


   Skills:
 * Level 24.2 Fighting
 - Level 6.4(19.0) Axes
 O Level 27 Maces & Flails
 + Level 21.5 Armour
 - Level 1.7 Dodging
 - Level 3.0 Stealth
 - Level 15.8 Shields
 + Level 2.9 Unarmed Combat
 + Level 6.4 Evocations


You had 13 spell levels left.
You didn't know any spells.
Your spell library was empty.

Dungeon Overview and Level Annotations

Branches:
Dungeon (1/1)

Altars:
Cheibriados
Dithmenos
Elyvilon
Fedhas
Gozag
Hepliaklqana
Kikubaaqudgha
Makhleb
Nemelex Xobeh
Okawaru
Qazlal
Ru
Sif Muna
Trog
Uskayaw
Vehumet
Wu Jian
Xom
Yredelemnul
Zin
The Shining One
Jiyva
Lugonu

Shops:
D *[==


Innate Abilities, Weirdness & Mutations

You have a pair of horns on your head.
You reflexively headbutt those who attack you in melee.


Message History

The fire giant is almost dead.
The fire giant hits you with a +1 great sword of flaming!
* * * LOW HITPOINT WARNING * * *
The fire giant burns you.
* * * LOW HITPOINT WARNING * * *
You feel better.
The fire giant hits you with a +1 great sword of flaming!
* * * LOW HITPOINT WARNING * * *
The fire giant burns you.
* * * LOW HITPOINT WARNING * * *
Your skin crawls.
You feel strong-willed.
The fire giant hits you with a +1 great sword of flaming!
* * * LOW HITPOINT WARNING * * *
The fire giant burns you.
* * * LOW HITPOINT WARNING * * *
The fire giant points at you and mumbles some strange words.
The bolt of fire hits you! You resist.
* * * LOW HITPOINT WARNING * * *
A rakshasa comes into view. It is wielding a +0 trident.
Okay, then.
Okay, then.
Okay, then.
You impale the fire giant!!
You kill the fire giant!
Trog accepts your kill.
Trog appreciates your killing of a magic user.
You bludgeon the stone giant!! Your headbutt misses the stone giant.
The stone giant is moderately wounded.
The stone giant misses you.
You impale the stone giant!!
The stone giant is heavily wounded.
You puncture the stone giant!
The stone giant is severely wounded.
The stone giant barely misses you.
The rakshasa blinks!
You hit the stone giant but do no damage.
You headbutt the stone giant.
The stone giant is severely wounded.
The stone giant hits you!
You die...

▓.▓.▓.▓.▓=▓.▓.▓.▓.
▓.▓.▓.▓.▓=▓.▓'▓.▓.
▓.▓.▓.▓.▓.▓.▓)▓.▓)
▓.▓.▓)▓.▓)▓.▓)▓.▓.
▓.▓.▓)▓.▓)▓.▓)▓.▓.
▓(▓.▓)▓.▓)▓.▓)▓.▓.
▓(▓.▓)▓.▓)▓.▓)▓.▓.
▓)▓.▓)▓.▓)▓.▓)▓.▓.
▓@▓.▓)▓.▓)▓.▓)▓.▓.
▓C▓.▓)▓.▓)▓.▓)▓.▓'
▓{▓.▓)▓.▓)▓.▓)▓.▓.
▓.▓.▓.▓.▓.▓.▓)▓.▓.
▓C▓.▓)▓.▓.▓.▓)▓.▓.
▓C▓.▓'▓.▓.▓.▓.▓.▓.
▓.▓.▓)▓)▓.▓.▓.▓.▓.
▓R▓.▓.▓.▓.▓.▓)▓.▓.
▓.▓.▓.▓[▓.▓)▓.▓.


You could see 2 frost giants, a stone giant and a rakshasa.

Vanquished Creatures
  Rupert (D)
  A tentacled monstrosity (D)
  A fire giant (D)
  A frost giant (D)
  A ghost moth (D)
  2 stone giants (D)
  Nessos (D)
  An entropy weaver (D)
  Josephine (D)
  3 ettins (D)
  A fire dragon (D)
  Harold (D)
  A hydra (D)
  A spriggan air mage (D)
  A two-headed ogre (D)
  2 catoblepae (D)
  An alligator snapping turtle (D)
  A death yak (D)
  A shock serpent (D)
  A naga sharpshooter (D)
  2 pharaoh ants (D)
  A sun moth (D)
  A goliath frog (D)
  A salamander mystic (D)
  A sea snake (D)
  A naga ritualist (D)
  A steelbarb worm (D)
  3 spriggan druids (D)
  An ugly thing (D)
  A salamander (D)
  7 orc knights (D)
  A manticore (D)
  A water nymph (D)
  2 naga magi (D)
  A black mamba (D)
  5 cane toads (D)
  A gargoyle (D)
  A torpor snail (D)
  A komodo dragon (D)
  A merfolk (D)
  2 tengu conjurers (D)
  A troll (D)
  A tarantella (D)
  A slime creature (D)
  A culicivora (D)
  5 wraiths (D)
  A wyvern (D)
  4 yaks (D)
  A basilisk (D)
  A redback (D)
  A steam dragon (D)
  3 vampire mosquitoes (D)
  A naga (D)
  2 water moccasins (D)
  15 orc warriors (D)
  A black bear (D)
  2 wolves (D)
  A phantom (D)
  A gnoll sergeant (D)
  A killer bee (D)
  A howler monkey (D)
  4 orc priests (D)
  An iguana (D)
  3 orc wizards (D)
  A hell rat (D)
  10 orcs (D)
  A giant cockroach (D)
  A goblin (D)
  A hobgoblin (D)
  A quokka (D)
  A ball python (D)
129 creatures vanquished.

Vanquished Creatures (collateral kills)
  A very ugly thing (D)
  A merfolk impaler (D)
  A fire dragon (D)
  A rakshasa (D)
  4 hydras (D)
  A centaur warrior (D)
  An ogre mage (D)
  A death knight (D)
  2 death yaks (D)
  A spriggan druid (D)
  A will-o-the-wisp (D)
  An ugly thing (D)
  2 manticores (D)
  A merfolk siren (D)
  An efreet (D)
  A wind drake (D)
  A wyvern (D)
  A water moccasin (D)
  A wolf (D)
24 creatures vanquished.

Vanquished Creatures (others)
  A swamp drake (D)
  3 foxfires (D)
4 creatures vanquished.

Grand Total: 157 creatures vanquished

Notes
Turn   | Place    | Note
-------+----------+-------------------------------------------
     0 | D        | retardedninja the Minotaur Fighter began the quest for the
                  | Orb.
     0 | D        | Reached XP level 1. HP: 19/19 MP: 0/0
    22 | D        | Noticed a howler monkey
    22 | D        | Noticed an iguana
    22 | D        | Noticed a black bear
    22 | D        | Noticed a phantom
    26 | D        | Killed a howler monkey
    27 | D        | Reached skill level 5 in Fighting
    27 | D        | Reached skill level 5 in Shields
    27 | D        | Reached XP level 2. HP: 24/29 MP: 1/1
    27 | D        | Reached XP level 3. HP: 30/36 MP: 2/2
    30 | D        | Reached XP level 4. HP: 34/44 MP: 3/3
    34 | D        | Killed a black bear
    35 | D        | Reached skill level 5 in Axes
    35 | D        | Reached skill level 1 in Dodging
    35 | D        | Reached XP level 5. HP: 35/52 MP: 4/4
    38 | D        | Killed a phantom
   325 | D        | Found a snail-covered altar of Cheibriados.
   325 | D        | Found a shadowy altar of Dithmenos.
   325 | D        | Found a white marble altar of Elyvilon.
   325 | D        | Found a blossoming altar of Fedhas.
   325 | D        | Found an opulent altar of Gozag.
   326 | D        | Found a hazy altar of Hepliaklqana.
   327 | D        | Found a viscous altar of Jiyva.
   328 | D        | Found an ancient bone altar of Kikubaaqudgha.
   329 | D        | Found a corrupted altar of Lugonu.
   330 | D        | Found a burning altar of Makhleb.
   331 | D        | Found a sparkling altar of Nemelex Xobeh.
   332 | D        | Found an iron altar of Okawaru.
   333 | D        | Found a stormy altar of Qazlal.
   334 | D        | Found a sacrificial altar of Ru.
   335 | D        | Found a shimmering blue altar of Sif Muna.
   336 | D        | Found a bloodstained altar of Trog.
   337 | D        | Found a hide-covered altar of Uskayaw.
   338 | D        | Found a radiant altar of Vehumet.
   339 | D        | Found an ornate altar of the Wu Jian Council.
   340 | D        | Found a shimmering altar of Xom.
   341 | D        | Found a basalt altar of Yredelemnul.
   342 | D        | Found a glowing silver altar of Zin.
   343 | D        | Found a glowing golden altar of the Shining One.
   346 | D        | Became a worshipper of Trog the Wrathful
   364 | D        | Got the +2 morningstar of Responsibility {vorpal, *Rage Fly
                  | rElec Int+6}
   398 | D        | Noticed a gargoyle
   398 | D        | Noticed a troll
   398 | D        | Noticed a yak
   398 | D        | Noticed a vampire mosquito
   406 | D        | Killed a troll
   407 | D        | Reached skill level 5 in Maces & Flails
   407 | D        | Reached skill level 10 in Armour
   407 | D        | Reached skill level 1 in Evocations
   407 | D        | Reached XP level 6. HP: 45/64 MP: 5/5
   407 | D        | Killed a yak
   407 | D        | Reached * piety under Trog
   408 | D        | Reached skill level 6 in Maces & Flails
   408 | D        | Reached XP level 7. HP: 26/71 MP: 6/6
   410 | D        | Killed a gargoyle
   411 | D        | Reached skill level 10 in Fighting
   411 | D        | Reached skill level 7 in Maces & Flails
   411 | D        | Reached skill level 10 in Shields
   411 | D        | Killed a vampire mosquito
   412 | D        | Reached skill level 1 in Stealth
   412 | D        | Reached XP level 8. HP: 72/81 MP: 7/7
   413 | D        | Reached ** piety under Trog
   743 | D        | Noticed a manticore
   743 | D        | Noticed a slime creature
   743 | D        | Noticed a two-headed ogre
   749 | D        | Killed a manticore
   750 | D        | Reached skill level 8 in Maces & Flails
   751 | D        | Killed a slime creature
   752 | D        | Reached skill level 9 in Maces & Flails
   761 | D        | Killed a two-headed ogre
   761 | D        | Reached *** piety under Trog
   762 | D        | Reached skill level 11 in Maces & Flails
   762 | D        | Reached XP level 9. HP: 52/92 MP: 8/8
  1295 | D        | Noticed a cane toad
  1295 | D        | Noticed a cane toad
  1303 | D        | Killed a cane toad
  1304 | D        | Reached skill level 12 in Maces & Flails
  1305 | D        | Reached **** piety under Trog
  1306 | D        | Noticed a cane toad
  1315 | D        | Killed a cane toad
  1316 | D        | Reached skill level 13 in Maces & Flails
  1318 | D        | Reached ***** piety under Trog
  1320 | D        | Killed a cane toad
  1321 | D        | Reached skill level 14 in Maces & Flails
  1321 | D        | Reached XP level 10. HP: 57/101 MP: 9/9
  1790 | D        | Noticed a cane toad
  1790 | D        | Noticed a cane toad
  1790 | D        | Noticed an eight-headed hydra
  1790 | D        | Noticed a six-headed hydra
  1795 | D        | Killed a cane toad
  1796 | D        | Killed a cane toad
  1797 | D        | Reached skill level 15 in Maces & Flails
  1799 | D        | Killed an eight-headed hydra
  1800 | D        | Reached skill level 16 in Maces & Flails
  1800 | D        | Reached skill level 15 in Armour
  1800 | D        | Reached skill level 5 in Evocations
  1800 | D        | Killed a six-headed hydra
  1808 | D        | Reached skill level 17 in Maces & Flails
  2159 | D        | Noticed a death yak
  2159 | D        | Noticed a death yak
  2159 | D        | Noticed a catoblepas
  2159 | D        | Noticed a death yak
  2175 | D        | Noticed a catoblepas
  2175 | D        | Killed a death yak
  2178 | D        | Killed a death yak
  2179 | D        | Reached skill level 18 in Maces & Flails
  2179 | D        | Reached XP level 11. HP: 108/111 MP: 10/10
  2193 | D        | Killed a catoblepas
  2197 | D        | Killed a death yak
  2198 | D        | Reached skill level 19 in Maces & Flails
  2202 | D        | Killed a catoblepas
  2202 | D        | Received a gift from Trog
  2203 | D        | Reached skill level 15 in Fighting
  2708 | D        | Reached ****** piety under Trog
  2715 | D        | Received a gift from Trog
  2739 | D        | Noticed an orc knight
  2741 | D        | Reached skill level 20 in Maces & Flails
  2743 | D        | Received a gift from Trog
  2756 | D        | Killed an orc knight
  2777 | D        | Received a gift from Trog
  3070 | D        | Found Xoxyru Vaeta's Assorted Antiques.
  3070 | D        | Noticed an orc knight
  3070 | D        | Noticed an orc knight
  3077 | D        | Killed an orc knight
  3078 | D        | Found Uruimnukk's Armour Shoppe.
  3080 | D        | Noticed an orc knight
  3084 | D        | Killed an orc knight
  3085 | D        | Reached skill level 21 in Maces & Flails
  3090 | D        | Identified the +5 trident of Defence {antimagic, rC++ rCorr
                  | Dex+6} (Trog gifted it to you in the Dungeon)
  3090 | D        | Received a gift from Trog
  3091 | D        | Found Urchaguw's Jewellery Emporium.
  3098 | D        | Killed an orc knight
  3099 | D        | Noticed an orc knight
  3101 | D        | Found Xaurism's Jewellery Shoppe.
  3102 | D        | Noticed an orc knight
  3108 | D        | Killed an orc knight
  3112 | D        | Killed an orc knight
  3113 | D        | Noticed an orc knight
  3119 | D        | Identified the +5 morningstar of Midnight {antimagic, SInv}
                  | (Trog gifted it to you in the Dungeon)
  3119 | D        | Received a gift from Trog
  3122 | D        | HP: 2/115 [orc knight/+2 broad axe of venom (26)]
  3125 | D        | Killed an orc knight
  3126 | D        | Reached skill level 22 in Maces & Flails
  3538 | D        | Bought the macabre finger necklace {rN+} for 480 gold
                  | pieces
  3538 | D        | Found the macabre finger necklace {rN+}
  3543 | D        | Bought a +6 ring of strength for 432 gold pieces
  3582 | D        | Noticed Josephine
  3595 | D        | Killed Josephine
  3596 | D        | Reached XP level 12. HP: 125/125 MP: 11/11
  3597 | D        | Received a gift from Trog
  3651 | D        | Noticed Harold
  3659 | D        | Killed Harold
  3765 | D        | Noticed an ogre mage
  3765 | D        | Noticed a death knight
  3765 | D        | Noticed a centaur warrior
  3765 | D        | Noticed a rakshasa
  3765 | D        | Noticed a six-headed hydra
  3768 | D        | Killed an ogre mage
  3773 | D        | Received a gift from Trog
  3774 | D        | Reached skill level 23 in Maces & Flails
  3780 | D        | Killed a death knight
  3781 | D        | Killed a centaur warrior
  3786 | D        | Killed a rakshasa
  3787 | D        | Killed a six-headed hydra
  3788 | D        | Noticed a fire dragon
  3795 | D        | Killed a fire dragon
  3799 | D        | Reached skill level 24 in Maces & Flails
  3801 | D        | Noticed an ettin
  3806 | D        | Killed an ettin
  3809 | D        | Noticed a green very ugly thing
  3810 | D        | Noticed a frost giant
  3813 | D        | Killed a green very ugly thing
  3813 | D        | Received a gift from Trog
  3826 | D        | Killed a frost giant
  4264 | D        | Noticed a fire dragon
  4266 | D        | Noticed an ettin
  4278 | D        | Killed a fire dragon
  4280 | D        | Received a gift from Trog
  4283 | D        | Killed an ettin
  4284 | D        | Reached skill level 25 in Maces & Flails
  4384 | D        | Noticed Rupert
  4394 | D        | Killed Rupert
  4910 | D        | Reached XP level 13. HP: 139/139 MP: 12/12
  4921 | D        | Received a gift from Trog
  4928 | D        | Reached skill level 26 in Maces & Flails
  5255 | D        | Noticed an entropy weaver
  5262 | D        | Received a gift from Trog
  5273 | D        | Killed an entropy weaver
  5286 | D        | Identified the +6 dire flail of the Hills {vorpal, rF+ rN+
                  | Dex-2} (Trog gifted it to you in the Dungeon)
  5286 | D        | Received a gift from Trog
  5548 | D        | Noticed a tentacled monstrosity
  5558 | D        | Killed a tentacled monstrosity
  5559 | D        | Reached skill level 27 in Maces & Flails
  5566 | D        | Identified the +9 battleaxe of Twilight {vorpal, rN+ Dex+2}
                  | (Trog gifted it to you in the Dungeon)
  5566 | D        | Received a gift from Trog
  5572 | D        | Reached skill level 15 in Shields
  5848 | D        | Noticed a merfolk impaler
  5884 | D        | Killed a merfolk impaler
  6315 | D        | Killed a ghost moth
  6448 | D        | Noticed Nessos
  6885 | D        | Killed Nessos
  6998 | D        | Noticed a stone giant
  6998 | D        | Noticed a stone giant
  6998 | D        | Noticed an ettin
  6998 | D        | Noticed a fire giant
  7004 | D        | Killed a stone giant
  7005 | D        | Reached skill level 1 in Unarmed Combat
  7005 | D        | Noticed a stone giant
  7008 | D        | Killed a stone giant
  7009 | D        | Noticed a lich
  7010 | D        | Killed an ettin
  7011 | D        | Reached XP level 14. HP: 131/158 MP: 13/13
  7011 | D        | Noticed a lich
  7015 | D        | Noticed a frost giant
  7021 | D        | Noticed a frost giant
  7026 | D        | HP: 5/159 [fire giant/bolt of fire (16)]
  7027 | D        | Killed a fire giant
  7031 | D        | Slain by a stone giant

Illustrated notes

Levels and vault maps discovered:
D:        linesprint [early_d, line_temple, items_1, d_10, items_2, lair_1,
          lair_end, items_3, orc_1, orc_end, items_4, d_15, swamp_1, shoals_1,
          snake_1, spider_1, d_20, vaults_1, items_5, swamp_end, shoals_end,
          snake_end, spider_end, vaults_end, d_27, items_6, zot_1, zot_end,
          crypt_end, forest_end, elf_end, slime_end, tomb_end, abyss_end,
          pan_hell_end]

Skill      XL: |  1  2  3  4  5  6  7  8  9 10 11 12 13 14 |
---------------+-------------------------------------------+-----
Fighting       | 5 6 7 9 10 12 13 14 17 19 23 24 | 24.2
Armour         | 6 8 10 11 12 14 15 16 18 21 | 21.5
Shields        | 5 6 7 9 10 11 12 13 14 15 | 15.8
Axes           | 3 4 5 6 |  6.4
Dodging        | 1 |  1.7
Maces & Flails | 5 6 7 11 14 18 22 25 27 | 27.0
Evocations     | 1 2 3 4 5 6 |  6.4
Stealth        | 1 2 3 |  3.0
Unarmed Combat | 2 |  2.9

Action                   |  1- 3 |  4- 6 |  7- 9 | 10-12 | 13-15 || total
-------------------------+-------+-------+-------+-------+-------++-------
Melee: War axe           |    18 |     8 |       |       |       ||    26
       Headbutt          |     3 |     3 |     7 |    48 |    20 ||    81
       Morningstar       |       |       |    44 |   179 |    88 ||   311
       Unarmed           |       |       |       |       |    15 ||    15
       Dire flail        |       |       |       |       |    27 ||    27
Invok: Trog's Hand       |       |       |     1 |     1 |     6 ||     8
       Brothers in Arms  |       |       |       |     6 |    10 ||    16
       Berserk           |       |       |       |     1 |     2 ||     3
Evoke: Wand              |       |     6 |       |     4 |     1 ||    11
  Use: Potion            |     1 |     2 |     2 |     7 |    14 ||    26
       Scroll            |       |     1 |     2 |       |     7 ||    10
 Stab: Invisible         |       |       |     1 |       |       ||     1
       Petrified         |       |       |       |     3 |       ||     3
       Distracted        |       |       |       |     1 |       ||     1
Armor: Scale mail        |     8 |     1 |       |       |       ||     9
       Ring mail         |       |       |    15 |    24 |       ||    39
       Plate armour      |       |       |       |    18 |    56 ||    74
       Skin              |       |       |       |       |     1 ||     1
Dodge: Dodged            |     9 |     7 |    12 |    50 |    49 ||   127
Block: Buckler           |     2 |       |     9 |    30 |    18 ||    59
